RedWings vs Hurricanes

Created - 19 mars 2018 at 17:50

Goals
1 2 3 T
RedWings 2 0 1 3
Hurricanes 1 0 0 1
Shots
1 2 3 T
RedWings 11 1 16 28
Hurricanes 3 10 9 22

1st period

1. Hurricanes , Bryan Little 31 (Michael Frolik 32, Keith Yandle 31) at 12:12
2. RedWings , Loui Eriksson 16 (Jonathan Drouin 17) at 12:48
3. RedWings , Filip Forsberg 40 (David Pastrnak 48) at 12:54

Penalties :
Filip Forsberg (DET) for Hooking (Minor) at 7:11, Dustin Byfuglien (CAR) for High sticking (Minor) at 13:12

2nd period

No Goal

Penalties :
No Penalty

3rd period

4. RedWings , Sean Monahan 33 (Filip Forsberg 51, Kris Russell 21) at 11:28

Penalties :
Patrick Wiercioch (CAR) for Hooking (Minor) at 3:07, Jonathan Drouin (DET) for Holding (Minor) at 15:33, Brett Pesce (CAR) for Hooking (Minor) at 18:31

Goalie Stats

John Gibson (DET), 21 saves from 22 shots - (0.955), W, 17-11-0, 60:00 minutes
Frederik Andersen (CAR), 25 saves from 28 shots - (0.893), L, 32-20-5, 60:00 minutes

Players Stats for RedWings

Player Name              G  A  P  +/- PIM S  H  SB GA TA FO     MP     PP MP  PK MP  
------------------------------------------------------------------------------------
Andrew Cogliano          0  0  0   0  0   0  0  0  0  0  0/0     1:47   0:00   1:47 
Ben Lovejoy              0  0  0   0  0   1  1  3  0  0  0/0    23:32   2:51   2:08 
David Pastrnak           0  1  1   1  0   5  0  0  0  0  2/6    21:08   2:40   0:21 
Dennis Seidenberg        0  0  0   1  0   0  1  1  0  0  0/0    19:17   0:00   1:50 
Eric Gryba               0  0  0   1  0   2  5  0  0  0  0/0    17:11   2:35   0:00 
Erik Haula               0  0  0   0  0   0  0  0  0  0  11/18  17:47   0:00   2:09 
Filip Forsberg           1  1  2   1  2   5  0  0  0  0  1/1    20:59   2:12   0:00 
Jonathan Drouin          0  1  1   1  2   1  1  0  0  0  1/1    18:40   2:31   0:00 
Kris Russell             0  1  1   1  0   0  0  3  0  0  0/0    19:35   0:00   2:08 
Loui Eriksson            1  0  1   1  0   2  1  0  0  0  0/1    21:57   3:14   1:52 
Micheal Ferland          0  0  0   0  0   0  1  0  0  0  0/2     7:25   0:00   0:00 
Nick Jensen              0  0  0   1  0   0  0  2  0  0  0/0    14:36   0:00   0:00 
Paul Martin              0  0  0   0  0   1  2  2  0  0  0/0    22:06   2:35   1:50 
Ryan Hartman             0  0  0   0  0   0  3  0  0  0  0/0     9:52   0:00   0:00 
Sam Gagner               0  0  0   1  0   2  1  0  0  0  11/20  17:45   3:14   0:00 
Sean Monahan             1  0  1   1  0   6  0  1  0  0  15/28  22:47   2:12   1:47 
Thomas Hickey            0  0  0   0  0   1  0  1  0  0  0/0     3:43   2:51   0:00 
Tyler Toffoli            0  0  0   0  0   2  0  0  0  0  0/0    15:53   0:15   0:00 

Players Stats for Hurricanes

Player Name              G  A  P  +/- PIM S  H  SB GA TA FO     MP     PP MP  PK MP  
------------------------------------------------------------------------------------
Alex Chiasson            0  0  0  -2  0   1  1  1  0  0  0/1    15:12   0:00   0:00 
Anthony Bitetto          0  0  0  -1  0   0  1  1  0  0  0/0    15:36   0:00   1:24 
Brad Richardson          0  0  0  -2  0   2  1  0  0  0  1/1    15:12   0:00   0:00 
Brett Pesce              0  0  0  -1  2   0  1  0  0  0  0/0    20:17   1:45   2:09 
Bryan Little             1  0  1   1  0   4  0  0  0  0  19/31  23:40   1:51   3:27 
Carl Hagelin             0  0  0   0  0   0  0  0  0  0  0/0     0:00   0:00   0:00 
Derek Ryan               0  0  0  -2  0   0  1  0  0  0  12/20  15:12   0:00   0:00 
Dustin Byfuglien         0  0  0   0  2   3  4  4  0  0  0/0    24:05   2:13   1:53 
Keith Yandle             0  1  1   0  0   2  0  4  0  0  0/0    24:38   2:13   2:25 
Lee Stempniak            0  0  0  -1  0   2  0  1  0  0  0/1    19:09   2:07   0:00 
Leo Komarov              0  0  0  -1  0   2  3  0  0  0  4/19   21:08   2:07   1:59 
Marcus Foligno           0  0  0   0  0   0  1  0  0  0  0/0     4:10   0:00   0:00 
Mathew Dumba             0  0  0  -1  0   0  6  2  0  0  0/0    21:10   1:45   3:01 
Michael Frolik           0  1  1   1  0   1  0  0  0  0  0/1    16:03   1:51   0:00 
Nick Foligno             0  0  0   1  0   2  2  0  0  0  0/1    23:40   1:51   3:27 
Patrick Wiercioch        0  0  0  -1  2   0  0  2  0  0  0/0    14:11   0:00   0:00 
Tom Pyatt                0  0  0   0  0   0  0  0  0  0  0/0     0:00   0:00   0:00 
Zach Parise              0  0  0  -1  0   3  0  0  0  0  0/2    21:08   2:07   1:59 

3 Stars

1 - Loui Eriksson (DET)
2 - Filip Forsberg (DET)
3 - Sean Monahan (DET)

Power Play

RedWings - 0 on 3 Attempt(s) - 0.00%
Hurricanes - 0 on 2 Attempt(s) - 0.00%

Penalty Kill

RedWings - 2 on 2 Attempt(s) - 100.00% - Score 0 goal in Penalty Kill
Hurricanes - 3 on 3 Attempt(s) - 100.00% - Score 0 goal in Penalty Kill

Team Stat

RedWings - Hits : 16 - Faceoff Wins : 41 - Blocked Shots : 13 - Penalty Minutes : 4
Hurricanes - Hits : 21 - Faceoff Wins : 36 - Blocked Shots : 15 - Penalty Minutes : 6

Official

Referees : Jean Hebert and Rob Martell
Linesman : Shane Heyer and Mark Wheler

Game Notes

No Game Note

Finance

Level 1 -- Attendance: 5043 (84.05%) -- Ticket Income 595 074 $
Level 2 -- Attendance: 5000 (100.00%) -- Ticket Income 375 000 $
Level 3 -- Attendance: 3219 (91.97%) -- Ticket Income 154 512 $
Level 4 -- Attendance: 2778 (87.36%) -- Ticket Income 83 340 $
Luxury Box -- Attendance: 1000 (100.00%) -- Ticket Income 211 000 $
Game was played at the PNC Arena.
Total Attendance: 17040 (91.22%)
Total Ticket Income: 1 418 926 $
Other Income: 212 839 $
Total Income: 1 631 765 $

% Time on Ice - RedWings

Lines # - Real PCT - Wanted PCT - Time Play
Normal Forward
1 - 37% - 40% - 18:48
2 - 32% - 30% - 16:10
3 - 19% - 20% - 9:52
4 - 11% - 10% - 5:46
Normal Defense
1 - 35% - 40% - 17:47
2 - 34% - 30% - 17:27
3 - 29% - 20% - 14:36
4 - 2% - 10% - 0:46
PP Forward
1 - 60% - 60% - 3:14
2 - 40% - 40% - 2:12
PP Defense
1 - 48% - 60% - 2:35
2 - 52% - 40% - 2:51
PK Forward
1 - 55% - 60% - 2:11
2 - 45% - 40% - 1:47
PK Defense
1 - 54% - 60% - 2:08
2 - 46% - 40% - 1:50
PK3 Forward
1 - 0% - 60%
2 - 0% - 40%
PK3 Defense
1 - 0% - 60%
2 - 0% - 40%
44 Forward
1 - 0% - 60%
2 - 0% - 40%
44 Defense
1 - 0% - 60%
2 - 0% - 40%
Last Minute Offensive  - 0:00
Last Minute Defensive  - 0:00
Total
Forward - 60:00
Defense - 60:00

% Time on Ice - Hurricanes

Lines # - Real PCT - Wanted PCT - Time Play
Normal Forward
1 - 28% - 40% - 14:12
2 - 34% - 30% - 17:02
3 - 30% - 20% - 15:12
4 - 8% - 10% - 4:10
Normal Defense
1 - 35% - 40% - 17:48
2 - 32% - 30% - 16:24
3 - 28% - 20% - 14:12
4 - 4% - 10% - 2:12
PP Forward
1 - 47% - 60% - 1:51
2 - 53% - 40% - 2:07
PP Defense
1 - 56% - 60% - 2:13
2 - 44% - 40% - 1:45
PK Forward
1 - 63% - 60% - 3:27
2 - 37% - 40% - 1:59
PK Defense
1 - 44% - 60% - 2:25
2 - 56% - 40% - 3:01
PK3 Forward
1 - 0% - 60%
2 - 0% - 40%
PK3 Defense
1 - 0% - 60%
2 - 0% - 40%
44 Forward
1 - 0% - 60%
2 - 0% - 40%
44 Defense
1 - 0% - 60%
2 - 0% - 40%
Last Minute Offensive  - 0:00
Last Minute Defensive  - 0:00
Total
Forward - 60:00
Defense - 60:00

Play by Play

1st period


0:01 of 1st period - Bryan Little wins face-off versus Sean Monahan in neutral zone.
0:22 of 1st period - Shot by David Pastrnak.
0:22 of 1st period - Shot Hit the Post.
0:32 of 1st period - Shot by Sean Monahan.
0:32 of 1st period - Shot Misses the Net.
0:34 of 1st period - Shot by Ben Lovejoy.
0:34 of 1st period - Shot Misses the Net.
0:45 of 1st period - Icing by Dustin Byfuglien.
0:46 of 1st period - Sam Gagner wins face-off versus Bryan Little in Hurricanes zone.
0:47 of 1st period - Shot by Jonathan Drouin.
0:47 of 1st period - Shot Blocked by Keith Yandle.
0:51 of 1st period - Shot by Loui Eriksson.
0:51 of 1st period - Shot Misses the Net.
1:07 of 1st period - Shot by Sam Gagner.
1:07 of 1st period - Shot Blocked by Dustin Byfuglien.
1:18 of 1st period - Shot by Sam Gagner.
1:18 of 1st period - Stopped by Frederik Andersen without a rebound.
1:19 of 1st period - Erik Haula wins face-off versus Leo Komarov in Hurricanes zone.
1:22 of 1st period - Shot by Ryan Hartman.
1:22 of 1st period - Shot Misses the Net.
1:25 of 1st period - Icing by Mathew Dumba.
1:26 of 1st period - Erik Haula wins face-off versus Leo Komarov in Hurricanes zone.
1:42 of 1st period - Leo Komarov is hit by Eric Gryba and loses puck.
2:05 of 1st period - Off-side.
2:06 of 1st period - Sean Monahan wins face-off versus Derek Ryan in neutral zone.
2:19 of 1st period - Paul Martin is hit by Brad Richardson and loses puck.
2:43 of 1st period - Filip Forsberg is hit by Derek Ryan.
4:38 of 1st period - Icing by Dustin Byfuglien.
4:39 of 1st period - Sean Monahan wins face-off versus Bryan Little in Hurricanes zone.
4:46 of 1st period - Shot by David Pastrnak.
4:46 of 1st period - Shot Blocked by Dustin Byfuglien.
4:58 of 1st period - Shot by Filip Forsberg.
4:58 of 1st period - Stopped by Frederik Andersen without a rebound.
4:59 of 1st period - David Pastrnak wins face-off versus Derek Ryan in Hurricanes zone.
5:06 of 1st period - Shot by David Pastrnak.
5:06 of 1st period - Stopped by Frederik Andersen without a rebound.
5:07 of 1st period - Erik Haula wins face-off versus Leo Komarov in Hurricanes zone.
5:51 of 1st period - Icing by Ben Lovejoy.
5:52 of 1st period - Filip Forsberg wins face-off versus Derek Ryan in RedWings zone.
6:09 of 1st period - Shot by Derek Ryan.
6:09 of 1st period - Shot Hit the Post.
6:11 of 1st period - Shot by Dustin Byfuglien.
6:11 of 1st period - Shot Blocked by Ben Lovejoy.
6:13 of 1st period - Shot by Brad Richardson.
6:13 of 1st period - Shot Misses the Net.
6:15 of 1st period - Shot by Dustin Byfuglien.
6:15 of 1st period - Stopped by John Gibson without a rebound.
6:16 of 1st period - Bryan Little wins face-off versus Sam Gagner in RedWings zone.
6:39 of 1st period - Shot by Bryan Little.
6:39 of 1st period - Deflect By Nick Foligno.
6:39 of 1st period - Shot Misses the Net.
6:47 of 1st period - Michael Frolik is hit by Eric Gryba and loses puck.
7:11 of 1st period - Minor Penalty to Filip Forsberg for Hooking.
7:12 of 1st period - Erik Haula wins face-off versus Zach Parise in RedWings zone.
8:07 of 1st period - Michael Frolik is hit by Paul Martin and loses puck.
8:10 of 1st period - Shot by Dustin Byfuglien.
8:10 of 1st period - Stopped by John Gibson without a rebound.
8:11 of 1st period - Erik Haula wins face-off versus Nick Foligno in RedWings zone.
8:11 of 1st period - Erik Haula is hit by Nick Foligno.
8:57 of 1st period - Andrew Cogliano is hit by Leo Komarov and loses puck.
9:28 of 1st period - Shot by David Pastrnak.
9:28 of 1st period - Deflect By Sean Monahan.
9:28 of 1st period - Shot Blocked by Alex Chiasson.
9:42 of 1st period - Shot by David Pastrnak.
9:42 of 1st period - Stopped by Frederik Andersen without a rebound.
9:43 of 1st period - Sam Gagner wins face-off versus Bryan Little in Hurricanes zone.
9:46 of 1st period - Shot by Jonathan Drouin.
9:46 of 1st period - Shot Blocked by Keith Yandle.
10:09 of 1st period - Shot by Sam Gagner.
10:09 of 1st period - Shot Blocked by Keith Yandle.
10:11 of 1st period - Shot by Paul Martin.
10:11 of 1st period - Shot Misses the Net.
12:12 of 1st period - Shot by Bryan Little.
12:12 of 1st period - Goal by Bryan Little - RedWings : 0 - Hurricanes : 1.
12:13 of 1st period - Sam Gagner wins face-off versus Leo Komarov in neutral zone.
12:17 of 1st period - Jonathan Drouin is hit by Mathew Dumba and loses puck.
12:48 of 1st period - Shot by Loui Eriksson.
12:48 of 1st period - Goal by Loui Eriksson - RedWings : 1 - Hurricanes : 1.
12:49 of 1st period - Sean Monahan wins face-off versus Derek Ryan in neutral zone.
12:52 of 1st period - Shot by David Pastrnak.
12:52 of 1st period - Stopped by Frederik Andersen without a rebound.
12:53 of 1st period - David Pastrnak wins face-off versus Derek Ryan in Hurricanes zone.
12:54 of 1st period - Shot by Filip Forsberg.
12:54 of 1st period - Goal by Filip Forsberg - RedWings : 2 - Hurricanes : 1.
12:55 of 1st period - Derek Ryan wins face-off versus Sean Monahan in neutral zone.
13:00 of 1st period - Shot by Brad Richardson.
13:00 of 1st period - Shot Misses the Net.
13:07 of 1st period - Sean Monahan is hit by Dustin Byfuglien and loses puck.
13:11 of 1st period - David Pastrnak is hit by Dustin Byfuglien and loses puck.
13:12 of 1st period - Minor Penalty to Dustin Byfuglien for High sticking.
13:13 of 1st period - Sam Gagner wins face-off versus Bryan Little in Hurricanes zone.
13:25 of 1st period - David Pastrnak is hit by Mathew Dumba.
13:39 of 1st period - Shot by Loui Eriksson.
13:39 of 1st period - Stopped by Frederik Andersen without a rebound.
13:40 of 1st period - Bryan Little wins face-off versus Sean Monahan in Hurricanes zone.
14:40 of 1st period - Shot by Eric Gryba.
14:40 of 1st period - Stopped by Frederik Andersen without a rebound.
14:41 of 1st period - Sam Gagner wins face-off versus Leo Komarov in Hurricanes zone.
16:04 of 1st period - Shot by Bryan Little.
16:04 of 1st period - Shot Blocked by Thomas Hickey.
17:09 of 1st period - Shot by Erik Haula.
17:09 of 1st period - Shot Blocked by Mathew Dumba.
17:19 of 1st period - Shot by Sam Gagner.
17:19 of 1st period - Stopped by Frederik Andersen without a rebound.
17:20 of 1st period - Derek Ryan wins face-off versus David Pastrnak in Hurricanes zone.
17:24 of 1st period - Icing by Dustin Byfuglien.
17:25 of 1st period - Derek Ryan wins face-off versus Sean Monahan in Hurricanes zone.
17:33 of 1st period - Icing by Dennis Seidenberg.
17:34 of 1st period - Bryan Little wins face-off versus Sean Monahan in RedWings zone.
17:50 of 1st period - Shot by Filip Forsberg.
17:50 of 1st period - Stopped by Frederik Andersen without a rebound.
17:51 of 1st period - Derek Ryan wins face-off versus Sam Gagner in Hurricanes zone.
Goals for this period are 2 for RedWings vs 1 for Hurricanes.
Shots for this period are 11 for RedWings vs 3 for Hurricanes.

2nd period


0:01 of 2nd period - Bryan Little wins face-off versus Sean Monahan in neutral zone.
0:04 of 2nd period - Shot by Michael Frolik.
0:04 of 2nd period - Stopped by John Gibson without a rebound.
0:05 of 2nd period - Sean Monahan wins face-off versus Bryan Little in RedWings zone.
0:14 of 2nd period - Ben Lovejoy is hit by Nick Foligno and loses puck.
0:29 of 2nd period - Shot by Nick Foligno.
0:29 of 2nd period - Shot Misses the Net.
1:07 of 2nd period - Shot by Lee Stempniak.
1:07 of 2nd period - Shot Blocked by Paul Martin.
1:09 of 2nd period - Shot by Zach Parise.
1:09 of 2nd period - Stopped by John Gibson without a rebound.
1:10 of 2nd period - Derek Ryan wins face-off versus Loui Eriksson in RedWings zone.
1:19 of 2nd period - Shot by Alex Chiasson.
1:19 of 2nd period - Shot Misses the Net.
1:54 of 2nd period - Sam Gagner is hit by Mathew Dumba and loses puck.
2:06 of 2nd period - Tyler Toffoli is hit by Mathew Dumba and loses puck.
2:56 of 2nd period - Shot by Bryan Little.
2:56 of 2nd period - Stopped by John Gibson without a rebound.
2:57 of 2nd period - Erik Haula wins face-off versus Michael Frolik in RedWings zone.
3:48 of 2nd period - Shot by Derek Ryan.
3:48 of 2nd period - Shot Blocked by Kris Russell.
3:51 of 2nd period - Brad Richardson is hit by Dennis Seidenberg and loses puck.
3:54 of 2nd period - Shot by Anthony Bitetto.
3:54 of 2nd period - Shot Misses the Net.
4:06 of 2nd period - Shot by Derek Ryan.
4:06 of 2nd period - Shot Misses the Net.
4:08 of 2nd period - Shot by Alex Chiasson.
4:08 of 2nd period - Stopped by John Gibson without a rebound.
4:09 of 2nd period - Leo Komarov wins face-off versus Sean Monahan in RedWings zone.
4:16 of 2nd period - Shot by Zach Parise.
4:16 of 2nd period - Deflect By Lee Stempniak.
4:16 of 2nd period - Stopped by John Gibson without a rebound.
4:17 of 2nd period - Sean Monahan wins face-off versus Bryan Little in RedWings zone.
4:17 of 2nd period - Sean Monahan is hit by Marcus Foligno.
5:08 of 2nd period - Icing by Brett Pesce.
5:09 of 2nd period - Sam Gagner wins face-off versus Leo Komarov in Hurricanes zone.
5:10 of 2nd period - Shot by Jonathan Drouin.
5:10 of 2nd period - Shot Misses the Net.
5:25 of 2nd period - Icing by Zach Parise.
5:26 of 2nd period - Leo Komarov wins face-off versus Sam Gagner in Hurricanes zone.
5:26 of 2nd period - Zach Parise is hit by Loui Eriksson and loses puck.
5:37 of 2nd period - Shot by Zach Parise.
5:37 of 2nd period - Shot Misses the Net.
5:39 of 2nd period - Shot by Lee Stempniak.
5:39 of 2nd period - Stopped by John Gibson without a rebound.
5:40 of 2nd period - Sean Monahan wins face-off versus Derek Ryan in RedWings zone.
5:40 of 2nd period - Sean Monahan is hit by Alex Chiasson.
6:01 of 2nd period - Shot by Anthony Bitetto.
6:01 of 2nd period - Shot Misses the Net.
6:05 of 2nd period - Shot by Alex Chiasson.
6:05 of 2nd period - Shot Misses the Net.
6:56 of 2nd period - Shot by Michael Frolik.
6:56 of 2nd period - Shot Misses the Net.
6:58 of 2nd period - Shot by Nick Foligno.
6:58 of 2nd period - The goal is going for a video replay.
6:58 of 2nd period - The goal is refused.
6:59 of 2nd period - Erik Haula wins face-off versus Leo Komarov in RedWings zone.
6:59 of 2nd period - Erik Haula is hit by Leo Komarov.
7:07 of 2nd period - Mathew Dumba is hit by Ryan Hartman.
7:22 of 2nd period - Lee Stempniak is hit by Eric Gryba and loses puck.
8:22 of 2nd period - Shot by Sean Monahan.
8:22 of 2nd period - Shot Blocked by Patrick Wiercioch.
8:29 of 2nd period - Icing by Anthony Bitetto.
8:30 of 2nd period - Derek Ryan wins face-off versus Erik Haula in Hurricanes zone.
8:39 of 2nd period - Off-side.
8:40 of 2nd period - Bryan Little wins face-off versus Sean Monahan in neutral zone.
9:43 of 2nd period - Shot by Leo Komarov.
9:43 of 2nd period - Stopped by John Gibson without a rebound.
9:44 of 2nd period - Derek Ryan wins face-off versus Sam Gagner in RedWings zone.
9:45 of 2nd period - Shot by Brad Richardson.
9:45 of 2nd period - Shot Blocked by Paul Martin.
9:48 of 2nd period - Icing by Ben Lovejoy.
9:49 of 2nd period - Sam Gagner wins face-off versus Leo Komarov in RedWings zone.
9:54 of 2nd period - Brett Pesce is hit by Sam Gagner.
9:59 of 2nd period - Mathew Dumba is hit by Ben Lovejoy and loses puck.
11:48 of 2nd period - Shot by Bryan Little.
11:48 of 2nd period - Shot Blocked by Nick Jensen.
12:00 of 2nd period - Shot by Sean Monahan.
12:00 of 2nd period - Shot Blocked by Lee Stempniak.
12:02 of 2nd period - Shot by David Pastrnak.
12:02 of 2nd period - Shot Hit the Post.
12:04 of 2nd period - Shot by Sean Monahan.
12:04 of 2nd period - Stopped by Frederik Andersen without a rebound.
12:05 of 2nd period - Sam Gagner wins face-off versus Zach Parise in Hurricanes zone.
12:05 of 2nd period - Paul Martin is hit by Dustin Byfuglien.
12:25 of 2nd period - Shot by Sam Gagner.
12:25 of 2nd period - Shot Misses the Net.
12:45 of 2nd period - Leo Komarov is hit by Paul Martin and loses puck.
13:29 of 2nd period - Jonathan Drouin is hit by Mathew Dumba and loses puck.
13:51 of 2nd period - Icing by Michael Frolik.
13:52 of 2nd period - Bryan Little wins face-off versus Erik Haula in Hurricanes zone.
13:52 of 2nd period - Bryan Little is hit by Ryan Hartman.
14:19 of 2nd period - Shot by Nick Foligno.
14:19 of 2nd period - Shot Misses the Net.
15:01 of 2nd period - Shot by Zach Parise.
15:01 of 2nd period - Shot Hit the Post.
16:36 of 2nd period - Icing by Ben Lovejoy.
16:37 of 2nd period - Bryan Little wins face-off versus Micheal Ferland in RedWings zone.
16:38 of 2nd period - Shot by Nick Foligno.
16:38 of 2nd period - Shot Misses the Net.
18:08 of 2nd period - Shot by Brad Richardson.
18:08 of 2nd period - Stopped by John Gibson without a rebound.
18:09 of 2nd period - Brad Richardson wins face-off versus Sean Monahan in RedWings zone.
18:10 of 2nd period - Shot by Alex Chiasson.
18:10 of 2nd period - Shot Blocked by Dennis Seidenberg.
18:15 of 2nd period - Off-side.
18:16 of 2nd period - Sean Monahan wins face-off versus Derek Ryan in neutral zone.
19:04 of 2nd period - Shot by Bryan Little.
19:04 of 2nd period - Stopped by John Gibson without a rebound.
19:05 of 2nd period - Erik Haula wins face-off versus Leo Komarov in RedWings zone.
19:05 of 2nd period - Erik Haula is hit by Leo Komarov.
19:37 of 2nd period - Shot by Tyler Toffoli.
19:37 of 2nd period - Shot Blocked by Patrick Wiercioch.
19:44 of 2nd period - Icing by Anthony Bitetto.
19:45 of 2nd period - Sean Monahan wins face-off versus Leo Komarov in Hurricanes zone.
Goals for this period are 0 for RedWings vs 0 for Hurricanes.
Shots for this period are 1 for RedWings vs 10 for Hurricanes.

3rd period


0:01 of 3rd period - Bryan Little wins face-off versus Sean Monahan in neutral zone.
0:10 of 3rd period - Shot by Bryan Little.
0:10 of 3rd period - Stopped by John Gibson with a rebound.
0:49 of 3rd period - Icing by Michael Frolik.
0:50 of 3rd period - Bryan Little wins face-off versus Sam Gagner in Hurricanes zone.
1:58 of 3rd period - Shot by Brad Richardson.
1:58 of 3rd period - Stopped by John Gibson without a rebound.
1:59 of 3rd period - Sean Monahan wins face-off versus Alex Chiasson in RedWings zone.
2:28 of 3rd period - Icing by Keith Yandle.
2:29 of 3rd period - Derek Ryan wins face-off versus Erik Haula in Hurricanes zone.
2:29 of 3rd period - Derek Ryan is hit by Micheal Ferland.
2:39 of 3rd period - Icing by Nick Jensen.
2:40 of 3rd period - Bryan Little wins face-off versus Micheal Ferland in RedWings zone.
2:55 of 3rd period - Shot by Tyler Toffoli.
2:55 of 3rd period - Stopped by Frederik Andersen with a rebound.
2:57 of 3rd period - Shot by Erik Haula.
2:57 of 3rd period - Shot Blocked by Mathew Dumba.
2:59 of 3rd period - Shot by Tyler Toffoli.
2:59 of 3rd period - Shot Misses the Net.
3:01 of 3rd period - Shot by Eric Gryba.
3:01 of 3rd period - Stopped by Frederik Andersen without a rebound.
3:02 of 3rd period - Sean Monahan wins face-off versus Leo Komarov in Hurricanes zone.
3:03 of 3rd period - Shot by David Pastrnak.
3:03 of 3rd period - Shot Blocked by Anthony Bitetto.
3:05 of 3rd period - Shot by Sean Monahan.
3:05 of 3rd period - Shot Misses the Net.
3:07 of 3rd period - Shot by Filip Forsberg.
3:07 of 3rd period - Stopped by Frederik Andersen without a rebound.
3:07 of 3rd period - Minor Penalty to Patrick Wiercioch for Hooking.
3:08 of 3rd period - Bryan Little wins face-off versus Sean Monahan in Hurricanes zone.
3:34 of 3rd period - Shot by Filip Forsberg.
3:34 of 3rd period - Shot Misses the Net.
3:36 of 3rd period - Shot by Thomas Hickey.
3:36 of 3rd period - Shot Blocked by Dustin Byfuglien.
3:46 of 3rd period - Shot by Thomas Hickey.
3:46 of 3rd period - Shot Misses the Net.
4:19 of 3rd period - Shot by David Pastrnak.
4:19 of 3rd period - Shot Misses the Net.
4:21 of 3rd period - Shot by Paul Martin.
4:21 of 3rd period - Stopped by Frederik Andersen without a rebound.
4:22 of 3rd period - Bryan Little wins face-off versus Sean Monahan in Hurricanes zone.
4:37 of 3rd period - Shot by Jonathan Drouin.
4:37 of 3rd period - Stopped by Frederik Andersen without a rebound.
4:38 of 3rd period - Bryan Little wins face-off versus Sam Gagner in Hurricanes zone.
4:47 of 3rd period - Shot by David Pastrnak.
4:47 of 3rd period - Stopped by Frederik Andersen with a rebound.
4:49 of 3rd period - Shot by Ben Lovejoy.
4:49 of 3rd period - Stopped by Frederik Andersen without a rebound.
4:50 of 3rd period - Bryan Little wins face-off versus Sam Gagner in Hurricanes zone.
5:05 of 3rd period - Shot by David Pastrnak.
5:05 of 3rd period - Shot Misses the Net.
6:29 of 3rd period - Icing by Eric Gryba.
6:30 of 3rd period - Sean Monahan wins face-off versus Bryan Little in RedWings zone.
6:39 of 3rd period - Shot by Sean Monahan.
6:39 of 3rd period - Stopped by Frederik Andersen without a rebound.
6:40 of 3rd period - Leo Komarov wins face-off versus Sam Gagner in Hurricanes zone.
6:40 of 3rd period - Leo Komarov is hit by Jonathan Drouin.
7:01 of 3rd period - Icing by Dustin Byfuglien.
7:02 of 3rd period - Erik Haula wins face-off versus Lee Stempniak in Hurricanes zone.
7:08 of 3rd period - Icing by Zach Parise.
7:09 of 3rd period - Sean Monahan wins face-off versus Leo Komarov in Hurricanes zone.
7:10 of 3rd period - Shot by David Pastrnak.
7:10 of 3rd period - Deflect By Sean Monahan.
7:10 of 3rd period - Shot Blocked by Keith Yandle.
7:12 of 3rd period - Shot by David Pastrnak.
7:12 of 3rd period - Stopped by Frederik Andersen without a rebound.
7:13 of 3rd period - Sam Gagner wins face-off versus Bryan Little in Hurricanes zone.
8:57 of 3rd period - Shot by Sean Monahan.
8:57 of 3rd period - Stopped by Frederik Andersen without a rebound.
8:58 of 3rd period - Bryan Little wins face-off versus David Pastrnak in Hurricanes zone.
9:13 of 3rd period - Shot by Filip Forsberg.
9:13 of 3rd period - Stopped by Frederik Andersen without a rebound.
9:14 of 3rd period - Derek Ryan wins face-off versus Erik Haula in Hurricanes zone.
9:28 of 3rd period - Off-side.
9:29 of 3rd period - Bryan Little wins face-off versus David Pastrnak in neutral zone.
9:36 of 3rd period - Shot by Michael Frolik.
9:36 of 3rd period - Shot Blocked by Kris Russell.
9:55 of 3rd period - Filip Forsberg is hit by Dustin Byfuglien and loses puck.
10:36 of 3rd period - Shot by Zach Parise.
10:36 of 3rd period - Shot Blocked by Nick Jensen.
10:38 of 3rd period - Shot by Brett Pesce.
10:38 of 3rd period - Shot Hit the Post.
10:40 of 3rd period - Shot by Leo Komarov.
10:40 of 3rd period - Stopped by John Gibson without a rebound.
10:41 of 3rd period - Derek Ryan wins face-off versus Erik Haula in RedWings zone.
10:45 of 3rd period - Icing by Ben Lovejoy.
10:46 of 3rd period - Derek Ryan wins face-off versus Erik Haula in RedWings zone.
11:11 of 3rd period - Tyler Toffoli is hit by Anthony Bitetto and loses puck.
11:28 of 3rd period - Shot by Sean Monahan.
11:28 of 3rd period - Goal by Sean Monahan - RedWings : 3 - Hurricanes : 1.
11:29 of 3rd period - Sam Gagner wins face-off versus Bryan Little in neutral zone.
11:57 of 3rd period - Nick Foligno is hit by Eric Gryba and loses puck.
12:08 of 3rd period - Shot by Bryan Little.
12:08 of 3rd period - Deflect By Michael Frolik.
12:08 of 3rd period - Shot Misses the Net.
12:10 of 3rd period - Shot by Keith Yandle.
12:10 of 3rd period - Stopped by John Gibson with a rebound.
12:58 of 3rd period - Shot by David Pastrnak.
12:58 of 3rd period - Shot Misses the Net.
13:00 of 3rd period - Shot by Sean Monahan.
13:00 of 3rd period - Stopped by Frederik Andersen without a rebound.
13:01 of 3rd period - Derek Ryan wins face-off versus Erik Haula in Hurricanes zone.
13:03 of 3rd period - Brad Richardson is hit by Ryan Hartman and loses puck.
13:18 of 3rd period - Shot by Tyler Toffoli.
13:18 of 3rd period - Stopped by Frederik Andersen without a rebound.
13:19 of 3rd period - Erik Haula wins face-off versus Bryan Little in Hurricanes zone.
14:16 of 3rd period - Icing by Anthony Bitetto.
14:17 of 3rd period - Sean Monahan wins face-off versus Derek Ryan in Hurricanes zone.
14:52 of 3rd period - Icing by Sean Monahan.
14:53 of 3rd period - Sean Monahan wins face-off versus Leo Komarov in RedWings zone.
14:59 of 3rd period - Icing by Brett Pesce.
15:00 of 3rd period - Leo Komarov wins face-off versus Sam Gagner in Hurricanes zone.
15:04 of 3rd period - Lee Stempniak is hit by Eric Gryba.
15:31 of 3rd period - Jonathan Drouin is hit by Brett Pesce and loses puck.
15:33 of 3rd period - Minor Penalty to Jonathan Drouin for Holding.
15:34 of 3rd period - Erik Haula wins face-off versus Bryan Little in RedWings zone.
15:49 of 3rd period - Shot by Bryan Little.
15:49 of 3rd period - Shot Hit the Post.
16:15 of 3rd period - Shot by Dustin Byfuglien.
16:15 of 3rd period - Shot Misses the Net.
17:06 of 3rd period - Shot by Dustin Byfuglien.
17:06 of 3rd period - Stopped by John Gibson without a rebound.
17:07 of 3rd period - Sean Monahan wins face-off versus Leo Komarov in RedWings zone.
17:12 of 3rd period - Shot by Dustin Byfuglien.
17:12 of 3rd period - Shot Blocked by Kris Russell.
17:14 of 3rd period - Shot by Dustin Byfuglien.
17:14 of 3rd period - Shot Blocked by Ben Lovejoy.
17:16 of 3rd period - Shot by Dustin Byfuglien.
17:16 of 3rd period - Shot Misses the Net.
17:18 of 3rd period - Shot by Zach Parise.
17:18 of 3rd period - Stopped by John Gibson with a rebound.
17:20 of 3rd period - Shot by Keith Yandle.
17:20 of 3rd period - Stopped by John Gibson with a rebound.
17:22 of 3rd period - Shot by Lee Stempniak.
17:22 of 3rd period - Shot Misses the Net.
17:24 of 3rd period - Shot by Zach Parise.
17:24 of 3rd period - Shot Misses the Net.
17:26 of 3rd period - Shot by Zach Parise.
17:26 of 3rd period - Shot Blocked by Sean Monahan.
17:28 of 3rd period - Shot by Keith Yandle.
17:28 of 3rd period - Shot Blocked by Ben Lovejoy.
17:30 of 3rd period - Shot by Zach Parise.
17:30 of 3rd period - Stopped by John Gibson without a rebound.
17:31 of 3rd period - Bryan Little wins face-off versus David Pastrnak in RedWings zone.
18:27 of 3rd period - Jonathan Drouin is hit by Mathew Dumba and loses puck.
18:31 of 3rd period - Minor Penalty to Brett Pesce for Hooking.
18:32 of 3rd period - Sam Gagner wins face-off versus Bryan Little in Hurricanes zone.
18:48 of 3rd period - Shot by Nick Foligno.
18:48 of 3rd period - Shot Misses the Net.
18:54 of 3rd period - Shot by Bryan Little.
18:54 of 3rd period - Deflect By Nick Foligno.
18:54 of 3rd period - Stopped by John Gibson without a rebound.
18:55 of 3rd period - Bryan Little wins face-off versus Sean Monahan in RedWings zone.
19:08 of 3rd period - Shot by Jonathan Drouin.
19:08 of 3rd period - Shot Blocked by Dustin Byfuglien.
19:10 of 3rd period - Shot by Sean Monahan.
19:10 of 3rd period - Stopped by Frederik Andersen without a rebound.
19:11 of 3rd period - Jonathan Drouin wins face-off versus Leo Komarov in Hurricanes zone.
19:26 of 3rd period - Shot by Sam Gagner.
19:26 of 3rd period - Shot Misses the Net.
19:28 of 3rd period - Shot by Thomas Hickey.
19:28 of 3rd period - Stopped by Frederik Andersen with a rebound.
Goals for this period are 1 for RedWings vs 0 for Hurricanes.
Shots for this period are 16 for RedWings vs 9 for Hurricanes.